 Dungeon Crawl Stone Soup version 0.30.0-20-g3615ddf2f0 (webtiles) character file.

Game seed: 1500324312328780896

917 qw the Chopper (level 8, -6/49 HPs)
             Began as a Gargoyle Fighter on May 27, 2023.
             Mangled by an ogre
             ... wielding a +0 giant spiked club
              (10 damage)
             ... on level 6 of the Dungeon.
             The game lasted 00:02:09 (4326 turns).

qw the Chopper (Gargoyle Fighter)                   Turns: 4326, Time: 00:02:09

Health: -6/49      AC: 19    Str: 21    XL:     8   Next: 9%
Magic:  0/8        EV:  6    Int: 10    God:
Gold:   290        SH:  4    Dex:  9    Spells: 7/7 levels left

rFire   . . .        Y - +0 war axe
rCold   . . .        c - +0 buckler
rNeg    + . .        s - +0 plate armour
rPois   inf          g - +0 helmet
rElec   +            (no cloak)
rCorr   .            (no gloves)
SInv    .            b - +0 pair of boots
Will    .....        m - amulet of guardian spirit Stlth
                     (no ring)
HPRegen 0.28/turn    (no ring)
MPRegen 0.11/turn

%: guardian spirit
@: about to teleport
A: sickness immunity, AC +5, negative energy resistance 1, electricity
resistance, torment resistance 1, petrification resistance
a: no special abilities


You were on level 6 of the Dungeon.
You visited 1 branch of the dungeon, and saw 6 of its levels.

You collected 290 gold pieces.


Innate Abilities, Weirdness & Mutations

You are immune to sickness and miasma.
Your stone body is resilient. (AC +5)
You are immune to poison.
You resist negative energy. (rN+)
You are resistant to electric shocks. (rElec)
You are resistant to unholy torment.
You are immune to petrification.


   Skills:
 - Level 5.1 Fighting
 - Level 7.0 Axes
 - Level 1.0 Throwing
 + Level 4.1 Armour
 - Level 1.0 Dodging
 - Level 3.2 Shields


You had 7 spell levels left.
You didn't know any spells.
Your spell library was empty.

Inventory:

Hand Weapons
 j - a +0 whip
 Y - a +0 war axe (weapon)
Armour
 b - a +0 pair of boots (worn)
 c - a +0 buckler (worn)
 g - a +0 helmet (worn)
 s - a +0 plate armour (worn)
Jewellery
 m - an amulet of guardian spirit (around neck)
Scrolls
 a - a scroll of acquirement {unknown}
 i - a scroll of identify
 k - a scroll of teleportation
Potions
 d - 2 potions of might
 e - a potion of attraction
 f - 2 potions of haste
 h - 2 potions of lignification
 l - 3 potions of curing

Dungeon Overview and Level Annotations

Branches:
Dungeon (6/15)             Temple (0/1) D:6

Altars:
Dithmenos
Makhleb
The Shining One
Lugonu

Portals:
Abyss: D:4

Annotations:
D:3 1 runed translucent door, qw's ghost, amateur GrFi


Message History

The black bear goes berserk!
You hit the black bear.
The black bear is severely wounded.
The black bear barely misses you. The black bear claws you.
The black bear claws you but does no damage.
The black bear bites you. The black bear barely misses you.
The black bear claws you.
You slash the black bear!
You kill the black bear!
Your Armour skill increases to level 4!
You have reached level 8!
You feel clever.
You start resting.
You are starting to lose your buoyancy.
You float gracefully downwards.
You hear the slow rusting of a very distant drain.
Magic restored.
You start resting.
HP restored.
Things that are here:
a wand of mindburst (14); a black bear corpse You now have 290 gold pieces (gained 13).
Found a staircase to the Ecumenical Temple.
An ogre comes into view. It is wielding a +0 giant spiked club.
The ogre shouts!
A bullfrog comes into view.
The bullfrog croaks.
You completely miss the ogre.
The ogre hits you with a +0 giant spiked club!!
The bullfrog hits you.
You hit the bullfrog.
The bullfrog is lightly wounded.
You hit the ogre but do no damage. The bullfrog hits you!
The ogre hits you with a +0 giant spiked club!!
4326 ||| READING 2 scrolls of teleportation.
As you read the scroll of teleportation, it crumbles to dust.
You feel strangely unstable.
The bullfrog hits you but does no damage. x2
The ogre hits you with a +0 giant spiked club!
You die...

# #. ##..#.# .......
#...##.## #...##..#
........#####..#
..>..!..#......#
......O@..# #.#
#...##F..### #.. #..
##.#...###.#####
.........#..##.#...#
.#.#######..#.#...#
#. ##...#.<.# #
##......# ##.#...#
#.#...#


You could see an ogre and a bullfrog.

Vanquished Creatures
  A black bear (D:6)
  2 ogres
  2 scorpions
  A howler monkey (D:5)
  A gnoll bouda (D:5)
  3 hounds
  2 jellies (D:3)
  2 iguanas (D:5)
  2 sleepcaps
  5 gnolls (D:5)
  6 adders
  An ufetubus (D:4)
  4 worms
  A dart slug (D:2)
  5 orcs
  6 ball pythons
  8 bats
  16 endoplasms
  5 giant cockroaches
  6 goblins
  9 hobgoblins
  9 jackals
  3 quokkas
  4 frilled lizards (D:1)
  14 kobolds
  7 rats
  A lurking horror (D:4)
126 creatures vanquished.

Notes
Turn   | Place    | Note
-------+----------+-------------------------------------------
     0 | D:1      | qw the Gargoyle Fighter began the quest for the Orb.
     0 | D:1      | Reached XP level 1. HP: 14/14 MP: 1/1
     0 | D:1      | 0 ||| qw: Version: 0.2-a-99-gce666ed
     0 | D:1      | 0 ||| qw: Game counter: 146
     0 | D:1      | 0 ||| qw: Always use a shield: true
     0 | D:1      | 0 ||| qw: God list: Okawaru
     0 | D:1      | 0 ||| qw: Allow faded altars: false
     0 | D:1      | 0 ||| qw: Do Orc after D:15 true
     0 | D:1      | 0 ||| qw: Do second Lair branch before Depths: true
     0 | D:1      | 0 ||| qw: Lair rune preference: random
     0 | D:1      | 0 ||| qw: Plans: Normal, Zot:1-4, God:TSO, Crypt, Tomb,
                  | Pan, Slime:5, Hells, Abyss, Win
     0 | D:1      | 0 ||| PLANNING D:1-11
    24 | D:1      | 24 ||| Stepping ~*~*~tactically~*~*~ (stealth).
    34 | D:1      | Reached skill level 2 in Axes
    43 | D:1      | Reached XP level 2. HP: 13/19 MP: 2/2
    47 | D:1      | 47 ||| FLEEEEING.
   238 | D:1      | 238 ||| Stepping ~*~*~tactically~*~*~ (stealth).
   314 | D:1      | Reached skill level 3 in Axes
   341 | D:1      | Reached XP level 3. HP: 23/23 MP: 3/3
   823 | D:1      | 823 ||| UPGRADING to +0 helmet.
   828 | D:1      | 828 ||| READING scroll labelled QIFFUO MUZE.
  1055 | D:2      | 1055 ||| Stepping ~*~*~tactically~*~*~ (stealth).
  1080 | D:2      | 1080 ||| Stepping ~*~*~tactically~*~*~ (stealth).
  1138 | D:2      | Reached skill level 1 in Throwing
  1138 | D:2      | Reached XP level 4. HP: 28/28 MP: 4/4
  1151 | D:2      | 1151 ||| Stepping ~*~*~tactically~*~*~ (stealth).
  1153 | D:2      | 1153 ||| Stepping ~*~*~tactically~*~*~ (stealth).
  1197 | D:2      | 1197 ||| DROPPING +0 club.
  1203 | D:2      | Found a faded altar of an unknown god.
  1729 | D:2      | 1729 ||| UPGRADING to amulet of guardian spirit.
  1734 | D:2      | 1734 ||| READING 2 scrolls labelled LISOEW GIZAM.
  1735 | D:2      | 1735 ||| READING scroll labelled NEJIRU CAONUN.
  1736 | D:2      | 1736 ||| READING scroll labelled YNLAMI ETEZE.
  1741 | D:2      | 1741 ||| DROPPING scroll of poison.
  1797 | D:3      | Found a runed translucent door.
  1812 | D:3      | Reached skill level 4 in Axes
  1853 | D:3      | Noticed qw's ghost (amateur GrFi)
  2062 | D:3      | 2062 ||| Stepping ~*~*~tactically~*~*~ (stealth).
  2100 | D:3      | Reached XP level 5. HP: 26/32 MP: 2/5
  2159 | D:3      | 2159 ||| Stepping ~*~*~tactically~*~*~ (hiding).
  2367 | D:3      | Reached skill level 5 in Axes
  2503 | D:3      | Found a glowing golden altar of the Shining One.
  2512 | D:3      | Found a shadowy altar of Dithmenos.
  2647 | D:3      | Found a burning altar of Makhleb.
  2647 | D:3      | Noticed a cacodemon
  2650 | D:3      | Noticed a hellwing
  2650 | D:3      | Noticed an orange demon
  2690 | D:3      | 2690 ||| UPGRADING to +0 chain mail.
  2700 | D:3      | 2700 ||| DROPPING +0 scale mail.
  2701 | D:3      | 2701 ||| READING scroll labelled ACKOLIUCW.
  2702 | D:3      | 2702 ||| READING scroll labelled CASOCH TUMESIG.
  2703 | D:3      | 2703 ||| DRINKING 3 glowing silvery potions.
  2743 | D:4      | 2743 ||| Stepping ~*~*~tactically~*~*~ (stealth).
  2745 | D:4      | 2745 ||| Stepping ~*~*~tactically~*~*~ (stealth).
  2747 | D:4      | 2747 ||| Stepping ~*~*~tactically~*~*~ (stealth).
  2749 | D:4      | 2749 ||| Stepping ~*~*~tactically~*~*~ (stealth).
  2754 | D:4      | 2754 ||| FLEEEEING.
  2755 | D:4      | 2755 ||| FLEEEEING.
  2757 | D:4      | 2757 ||| FLEEEEING.
  2763 | D:4      | 2763 ||| Stepping ~*~*~tactically~*~*~ (stealth).
  2774 | D:4      | 2774 ||| Stepping ~*~*~tactically~*~*~ (stealth).
  2775 | D:4      | 2775 ||| Stepping ~*~*~tactically~*~*~ (stealth).
  2781 | D:4      | Reached XP level 6. HP: 38/38 MP: 6/6
  2840 | D:4      | 2840 ||| Stepping ~*~*~tactically~*~*~ (stealth).
  2842 | D:4      | 2842 ||| Stepping ~*~*~tactically~*~*~ (stealth).
  2871 | D:4      | 2871 ||| Stepping ~*~*~tactically~*~*~ (stealth).
  3013 | D:4      | Found a one-way gate to the infinite horrors of the Abyss.
  3013 | D:4      | Found a corrupted altar of Lugonu.
  3054 | D:4      | 3054 ||| Stepping ~*~*~tactically~*~*~ (stealth).
  3055 | D:4      | 3055 ||| Stepping ~*~*~tactically~*~*~ (stealth).
  3355 | D:4      | 3355 ||| UPGRADING to +0 pair of boots.
  3360 | D:4      | 3360 ||| DRINKING 3 dark potions.
  3361 | D:4      | 3361 ||| READING 3 scrolls of identify.
  3361 | D:4      | 3361 ||| IDENTIFYING white potion
  3362 | D:4      | 3362 ||| READING 2 scrolls of identify.
  3362 | D:4      | 3362 ||| IDENTIFYING golden potion
  3377 | D:5      | Entered Level 5 of the Dungeon
  3402 | D:5      | Reached skill level 6 in Axes
  3402 | D:5      | Reached XP level 7. HP: 43/43 MP: 7/7
  3464 | D:5      | 3464 ||| Stepping ~*~*~tactically~*~*~ (stealth).
  3479 | D:5      | Reached skill level 1 in Dodging
  3673 | D:5      | Reached skill level 7 in Axes
  4000 | D:5      | 4000 ||| Stepping ~*~*~tactically~*~*~ (stealth).
  4205 | D:5      | 4205 ||| UPGRADING to +0 plate armour.
  4215 | D:5      | 4215 ||| DROPPING +0 chain mail.
  4216 | D:5      | 4216 ||| DROPPING amulet of faith.
  4217 | D:5      | 4217 ||| READING scroll labelled YBEYGG ABUQACO.
  4218 | D:5      | 4218 ||| DRINKING 3 metallic silvery potions.
  4219 | D:5      | 4219 ||| READING 2 scrolls of identify.
  4219 | D:5      | 4219 ||| IDENTIFYING red potion
  4220 | D:5      | 4220 ||| DROPPING potion of degeneration.
  4221 | D:5      | 4221 ||| DROPPING 2 potions of flight.
  4241 | D:6      | 4241 ||| PLANNING SEWER
  4263 | D:6      | Reached XP level 8. HP: 39/49 MP: 4/8
  4316 | D:6      | Found a staircase to the Ecumenical Temple.
  4325 | D:6      | HP: 3/49 [ogre/+0 giant spiked club (16)]
  4326 | D:6      | 4326 ||| READING 2 scrolls of teleportation.
  4326 | D:6      | Mangled by an ogre

Levels and vault maps discovered:
D:1:      dpeg_arrival_radiant, layout_basic, hangedman_decor_slide_cut,
          minmay_misc_feat_rows, minivault_5, palyth_stone_intersect
D:2:      layout_loops_ring, hellmonk_ecumenical_altar_crossroads, st_stairs_9
D:3:      cheibrodos_fertilizer, layout_basic, mainiacjoe_overflow_swirl,
          makhleb_altar_promises_db, ebering_ghost_sewer_d, minivault_4
D:4:      layout_basic, amcnicky_altar_lugonu_corruption
D:5:      layout_loops_cross, nicolae_kite_square_tiling_tiny
D:6:      layout_rooms, mainiacjoe_overflow_small_starburst,
          minmay_temple_entry_stoned_glass, serial_glass, glass_columns_c,
          glass_columns_b, item_on_display_a, gup_sewer_entry_spiral,
          serial_shops, kennysheep_little_box, shop

Skill      XL: |  1  2  3  4  5  6  7 |
---------------+----------------------+-----
Axes           | 2 3 4 5 6 7 |  7.0
Throwing       | 1 |  1.0
Fighting       | 4 5 |  5.1
Dodging        | 1 |  1.0
Armour         | 4 |  4.1
Shields        | |  3.2

Action                     |  1- 3 |  4- 6 |  7- 9 || total
---------------------------+-------+-------+-------++-------
  Melee: War axe           |    84 |   148 |    95 ||   327
  Throw: Javelin           |     9 |    47 |     4 ||    60
    Use: Scroll            |     1 |     7 |     3 ||    11
         Potion            |       |     2 |     1 ||     3
 Armour: Scale mail        |    32 |    48 |       ||    80
         Chain mail        |       |    27 |    64 ||    91
         Plate armour      |       |       |     5 ||     5
  Dodge: Dodged            |    28 |    58 |    45 ||   131
  Block: Buckler           |    14 |    34 |    17 ||    65

Table legend:
 A = Non-vault XP
 B = Vault XP
 C = Vault XP percentage of total XP
 D = Non-vault monster count
 E = Vault monster count
 F = Vault count percentage of total count
                 A         B        C        D         E       F
            +---------+---------+-------+---------+---------+-------
      Total |    1203 |     108 |   8.2 |     105 |      20 |  16.0
            +---------+---------+-------+---------+---------+-------
        D:1 |      51 |       0 |   0.0 |      30 |       0 |   0.0
        D:2 |      67 |       3 |   4.3 |      26 |       2 |   7.1
        D:3 |      46 |     105 |  69.5 |      12 |      18 |  60.0
        D:4 |     321 |       0 |   0.0 |      18 |       0 |   0.0
        D:5 |     590 |       0 |   0.0 |      18 |       0 |   0.0
        D:6 |     128 |       0 |   0.0 |       1 |       0 |   0.0
            +---------+---------+-------+---------+---------+-------
